Map: Ruins of Seras

Players

LiquidMaNa (MaNa)

  • Race: Protoss Protoss

speaknow (ByuN) - Winner!

  • Race: Terran Terran
  • League: Platinum

VOD

Have the link to the VOD?

Description

Time

  • Played on: Dec. 14, 2015, 10:51 p.m.
  • Length: 19:27
Show
View Real Time Build Order
Export as new Build Order

LiquidMaNa Protoss 

Build Orders: 1 Gate Expand 

Get SALT Encoding   

  12  0:00  Probe (Chrono Boost)  
  13  0:11  Probe (Chrono Boost)  
  14  0:17  Pylon  
  14  0:23  Probe (Chrono Boost)  
  15  0:36  Probe (Chrono Boost)  
  15  0:38  Gateway  
  16  0:46  Probe (Chrono Boost)  
  17  1:10  Nexus  
  17  1:18  Assimilator  
  17  1:20  Probe (Chrono Boost)  
  18  1:29  Cybernetics Core  
  18  1:33  Probe (Chrono Boost)  
  18  1:38  Assimilator  
  19  1:44  Probe (Chrono Boost)  
  20  1:50  Pylon  
  20  1:54  Probe (Chrono Boost)  
  20  2:05  Probe (Chrono Boost)  
  20  2:06  Stalker  
  23  2:10  Warp Gate (Chrono Boost)  
  24  2:15  Probe (Chrono Boost)  
  24  2:23  Probe (Chrono Boost)  
  24  2:26  Probe (Chrono Boost)  
  26  2:37  Robotics Facility  
  26  2:39  Probe (Chrono Boost)  
  26  2:42  Probe (Chrono Boost)  
  28  2:50  Probe  
  29  2:54  Stalker  
  29  2:57  Probe  
  32  3:06  Gateway  
  32  3:09  Mothership Core (Chrono Boost)  
  34  3:15  Probe  
  35  3:24  Stalker  
  35  3:25  Observer (Chrono Boost)  
  39  3:27  Probe  
  39  3:29  Probe  
  39  3:31  Pylon  
  40  3:37  Pylon  
  40  3:39  Probe  
  41  3:41  Probe  
  43  3:48  Observer (Chrono Boost)  
  43  3:51  Probe  
  43  3:53  Probe  
  45  4:03  Probe  
  45  4:05  Probe, Adept x2  
  51  4:15  Probe  
  48  4:17  Probe  
  48  4:23  Warp Prism (Chrono Boost)  
  51  4:27  Stalker  
  51  4:28  Stalker, Probe  
  51  4:30  Probe  
  57  4:40  Probe  
  59  4:51  Adept  
  61  4:53  Adept  
  62  5:07  Twilight Council  
  62  5:08  Pylon  
  62  5:15  Stargate  
  62  5:18  Assimilator  
  62  5:19  Pylon, Assimilator  
  62  5:22  Pylon  
  62  5:26  Probe x2, Pylon x2  
  64  5:34  Adept, Pylon  
  64  5:35  Adept  
  68  5:38  Probe x2  
  70  5:46  Blink (Chrono Boost)  
  70  5:50  Probe  
  70  6:02  Probe  
  70  6:03  Probe  
  69  6:14  Probe  
  69  6:15  Probe  
  71  6:19  Nexus  
  71  6:20  Pylon  
  71  6:22  Phoenix  
  73  6:26  Probe  
  73  6:27  Probe  
  73  6:29  Sentry x2  
  79  6:38  Probe  
  79  6:39  Probe  
  81  6:42  Pylon  
  81  6:51  Probe x2, Void Ray  
  87  6:58  Forge  
  87  7:03  Probe x2 (Chrono Boost)  
  85  7:12  Gateway  
  85  7:14  Gateway  
  85  7:15  Probe x2 (Chrono Boost)  
  87  7:18  Adept x2  
  91  7:25  Immortal  
  95  7:31  Protoss Ground Armor Level 1 (Chrono Boost)  
  95  7:34  Resonating Glaives  
  95  7:40  Stalker x2  
  95  7:43  Probe x2  
  99  7:55  Probe  
  100  7:59  Immortal  
  104  8:11  Probe  
  105  8:20  Adept x2  
  105  8:24  Gateway  
  105  8:25  Gateway  
  105  8:26  Robotics Bay  
  109  8:29  Probe x3  
  112  8:38  Immortal  
  112  8:41  Probe, Photon Cannon  
  117  8:50  Stalker x4  
  117  8:54  Assimilator  
  117  8:55  Probe, Pylon x2  
  126  9:08  Pylon  
  126  9:09  Gateway  
  126  9:12  Disruptor  
  126  9:13  Protoss Ground Weapons Level 1 (Chrono Boost)  
  126  9:20  Forge  
  123  9:31  Sentry  
  123  9:32  Sentry x2  
  128  9:47  Disruptor, Assimilator  
  128  9:48  Stalker  
  128  9:51  Adept  
  128  9:52  Adept  
  137  10:01  Protoss Ground Armor Level 2 (Chrono Boost)  
  135  10:08  Adept x3  
  131  10:24  Observer  
  128  10:30  Adept x2  
  128  10:31  Adept x4  
  140  10:38  Sentry  
  140  10:41  Photon Cannon  
  138  10:47  Nexus, Pylon  
  138  10:48  Pylon  
  138  10:51  Pylon  
  138  10:55  Stalker x3  
  138  10:56  Stalker x3  
  148  10:59  Photon Cannon  
  148  11:00  Pylon  
  148  11:01  Observer  
  146  11:22  Observer  
  145  11:29  Adept x4, Pylon  
  145  11:30  Adept x2  
  145  11:32  Pylon  
  156  11:42  Robotics Facility  
  156  11:43  Disruptor  
  159  11:50  Adept x5  
  159  11:51  Adept x2  
  173  12:03  Pylon  
  159  12:16  Stalker x5  
  159  12:17  Stalker  
  171  12:27  Disruptor  
  163  12:34  Adept  
  148  12:40  Probe x2  
  149  12:44  Stalker x2  
  149  12:45  Stalker x2  
  149  12:46  Probe  
  134  12:57  Probe  
  128  13:05  Disruptor  
  122  13:08  Stalker x5  
  122  13:10  Probe  
  122  13:11  Probe x2  
  133  13:20  Probe  
  133  13:23  Probe x2  
  133  13:26  Adept  
  126  13:48  Adept x3  
  126  13:49  Stalker x3  
  126  13:53  Probe x2  
  126  13:54  Probe  
  142  14:01  Probe  
  142  14:05  Warp Prism  
  142  14:06  Probe  
  145  14:13  Mothership Core  
  147  14:25  Stalker x6  
  145  15:03  Probe x2  
  145  15:06  Probe  
  145  15:07  Stalker x6  
  118  15:15  Probe x2  
  118  15:17  Probe  
  116  15:27  Probe x2, Nexus  
  112  15:35  Adept x4  
  118  15:41  Adept  
  118  15:42  Adept  
  118  15:59  Stalker x3  
  122  16:07  Disruptor  
  123  16:16  Adept x3  
  120  16:32  Adept x2  
  89  16:43  Disruptor  
  92  16:47  Stalker x2  
  94  16:56  Adept  
  94  16:57  Adept  
  88  17:09  Adept x2  
  90  17:16  Adept x3  
Show
View Real Time Build Order
Export as new Build Order

speaknow Terran - Winner!

Build Orders: 1/1/1, Liberator Opening, MMM Bio 

Get SALT Encoding   

  12  0:00  SCV  
  13  0:13  SCV  
  14  0:17  Supply Depot  
  14  0:25  SCV  
  15  0:39  SCV  
  15  0:41  Barracks  
  16  0:45  Refinery  
  16  0:51  SCV  
  16  0:56  Refinery  
  17  1:03  SCV  
  18  1:15  SCV  
  19  1:27  Marine  
  19  1:28  Orbital Command  
  20  1:36  Factory  
  20  1:46  Barracks Reactor  
  20  1:49  Supply Depot  
  20  1:54  SCV  
  21  2:06  SCV  
  22  2:18  SCV  
  22  2:21  Starport, Widow Mine  
  25  2:25  Marine  
  25  2:27  Marine  
  27  2:34  Supply Depot  
  27  2:36  SCV  
  28  2:43  Marine  
  29  2:44  Marine  
  29  2:48  SCV  
  30  2:55  Widow Mine  
  30  2:57  Medivac  
  34  3:04  Supply Depot  
  34  3:05  SCV  
  35  3:10  Liberator  
  38  3:37  Command Center  
  38  3:39  SCV  
  39  3:45  Factory Tech Lab  
  39  3:47  Marine  
  39  3:48  Marine  
  41  3:51  SCV  
  42  3:56  Supply Depot  
  42  4:03  SCV  
  42  4:05  Liberator  
  42  4:07  Marine  
  44  4:14  Marine  
  44  4:15  SCV  
  48  4:28  SCV  
  48  4:31  Supply Depot  
  49  4:39  Marine x2  
  49  4:40  SCV  
  52  4:49  Siege Tank  
  52  4:52  SCV  
  55  5:04  SCV  
  55  5:06  Orbital Command  
  56  5:09  Starport Reactor  
  56  5:14  Marine x2  
  56  5:16  SCV  
  56  5:19  Barracks  
  59  5:25  Barracks  
  59  5:28  SCV  
  60  5:31  Siege Tank  
  60  5:32  Marine x2  
  63  5:39  SCV  
  63  5:40  Supply Depot, SCV  
  65  5:50  Marine x2  
  65  5:52  SCV x2  
  68  6:01  Engineering Bay  
  68  6:02  Starport Reactor  
  68  6:04  SCV x2  
  68  6:10  Marine x2  
  69  6:16  SCV x2  
  69  6:18  Barracks Tech Lab, Refinery  
  71  6:19  Siege Tank  
  74  6:27  Marine  
  74  6:28  SCV, Marine  
  74  6:29  Terran Infantry Weapons Level 1, SCV  
  74  6:30  Supply Depot  
  77  6:40  Command Center, SCV  
  77  6:41  SCV  
  77  6:42  Marine  
  77  6:43  Stimpack  
  80  6:48  Marine x2  
  80  6:49  Marine x2  
  80  6:53  SCV  
  85  6:56  Medivac x2  
  85  7:00  Marine  
  90  7:05  Supply Depot  
  81  7:08  Supply Depot  
  81  7:10  Marine x4  
  85  7:18  Marine  
  85  7:20  Barracks x2  
  86  7:25  SCV x2  
  86  7:27  Refinery  
  89  7:30  Factory Reactor  
  89  7:36  Marine x2  
  89  7:37  Marauder, Marine x2  
  92  7:40  Supply Depot  
  92  7:41  SCV  
  92  7:42  SCV  
  93  7:53  SCV, Orbital Command  
  93  7:54  SCV  
  93  7:56  Medivac x2  
  99  8:04  Missile Turret  
  99  8:05  Marine x4  
  101  8:06  SCV x2  
  103  8:17  Barracks Tech Lab x2, Marauder  
  105  8:21  Widow Mine x2  
  105  8:24  Terran Infantry Armor Level 1  
  109  8:28  Armory, Engineering Bay  
  109  8:31  Medivac  
  109  8:32  Medivac  
  112  8:39  SCV x2  
  109  8:41  SCV  
  110  8:49  Marine x4  
  110  8:50  Marauder  
  110  8:51  SCV  
  110  8:52  Orbital Command  
  117  9:04  Medivac x2  
  117  9:09  Marine x4  
  127  9:10  Marauder x2  
  127  9:12  Combat Shields, Concussive Shells, Marauder  
  127  9:14  SCV  
  126  9:26  Marine x2  
  126  9:27  SCV  
  126  9:30  SCV x2  
  130  9:31  Marauder x2  
  130  9:37  Supply Depot  
  134  9:38  Marauder  
  134  9:39  SCV, Supply Depot  
  134  9:44  SCV x2  
  137  9:51  SCV  
  138  9:52  Terran Infantry Weapons Level 2  
  138  9:56  Marine x2  
  138  9:57  Marine  
  138  9:58  Marine  
  142  10:03  Marauder x2  
  144  10:13  Marauder  
  139  10:14  Marine x2  
  139  10:17  Medivac x2  
  139  10:19  Widow Mine  
  139  10:21  SCV  
  147  10:22  SCV  
  147  10:24  SCV  
  147  10:25  Marauder x2  
  150  10:32  Marine x2  
  150  10:35  Marauder  
  153  10:38  Missile Turret  
  153  10:39  Terran Infantry Armor Level 2  
  153  10:41  Refinery  
  153  10:44  Refinery  
  153  10:46  Marauder x2  
  157  10:54  Supply Depot x2  
  157  10:58  Marauder  
  157  10:59  Liberator x2  
  157  11:16  Marauder x2, Marine x4  
  166  11:25  Marauder  
  166  11:33  Marine x3, Widow Mine x2  
  173  11:40  Supply Depot  
  173  11:41  Supply Depot, Marine  
  173  11:42  Marauder x2  
  173  11:45  Liberator x2  
  177  11:53  Marine x4  
  181  11:59  Terran Ship Weapons Level 1  
  180  12:01  Widow Mine  
  180  12:02  Widow Mine  
  180  12:03  SCV x3, Marauder  
  180  12:04  Starport  
  195  12:14  Marauder  
  195  12:15  Marauder  
  191  12:22  Marine x4  
  191  12:25  Marauder  
  181  12:36  Marauder x2  
  171  12:38  SCV  
  171  12:40  Marine x4  
  168  12:46  Marine  
  162  12:57  SCV x2, Marine x2  
  162  12:58  SCV, Marine x3  
  151  13:02  Marine  
  151  13:04  Marauder  
  150  13:15  Marine, Marauder x2  
  150  13:16  Marine x2  
  150  13:20  Marine  
  150  13:24  Widow Mine, Medivac x2  
  150  13:25  Marauder  
  156  13:30  SCV x3  
  156  13:33  Marine  
  160  13:36  Marauder  
  160  13:41  Widow Mine  
  148  13:47  Marine x2  
  148  13:48  Liberator  
  146  13:52  Widow Mine  
  146  13:54  Medivac x2  
  152  13:58  Marine  
  152  13:59  Marine  
  152  14:00  Marauder x3  
  163  14:14  Marine x2, Orbital Command  
  163  14:16  Marine x2  
  167  14:21  Marauder x2  
  167  14:22  Terran Infantry Weapons Level 3  
  168  14:32  Marine  
  168  14:33  Marine x2  
  168  14:34  Marine  
  171  14:43  Marauder x2  
  174  14:51  Marauder  
  175  15:03  Marine  
  175  15:04  Marauder x2, Marine x2  
  175  15:05  Widow Mine  
  178  15:07  Medivac  
  178  15:09  Marine  
  178  15:13  Marauder  
  160  15:20  Medivac  
  158  15:21  Marine x2  
  158  15:22  Marine  
  158  15:25  Marauder  
  158  15:26  Marauder  
  158  15:27  Marine  
  151  15:31  Medivac  
  151  15:34  Marauder  
  154  15:37  Medivac  
  154  15:39  Marine x2  
  160  15:50  Marine x2, Marauder x2  
  160  15:56  Marauder  
  166  15:57  Marine x2  
  165  16:06  Widow Mine x2  
  165  16:08  Marine x2  
  170  16:11  Marauder x2  
  170  16:14  Marine  
  170  16:15  Marine  
  170  16:17  Marauder  
  152  16:26  Marine x2  
  152  16:30  Liberator  
  152  16:31  Liberator x2  
  152  16:32  Marine x3  
  146  16:33  Marine  
  146  16:35  Widow Mine x2  
  146  16:38  Marauder  
  153  16:44  Marine x2  
  151  16:50  Marauder, Marine x2  
  151  16:51  Marauder  
  161  17:00  Marauder  
  148  17:01  Marine  
  148  17:02  Marine  
  148  17:08  Marine x2  
  149  17:12  Marauder x2  
  150  17:19  Marine x2  
  150  17:21  Marauder  
  142  17:26  Marine x2  
  142  17:30  Orbital Command  
  142  17:33  Marauder x2  
  142  17:37  Marine x2  
  142  17:42  Marauder  
  142  17:44  Marine x2  
  142  17:55  Marine, Marauder x2  
  142  18:04  Marauder  
Tags
 
Add a new tag
Caveats
  • Supply blocks, unpowered buildings, or Contaminate may cause inaccurate times.
  • Supply counts are checked every 10 seconds.